 Dungeon Crawl Stone Soup version 0.25.1-2-g60ff931df9 (webtiles) character file.

Game seed: 5053881724964784340

21 Kold the Insei (level 2, -1/18 HPs)
             Began as an Octopode Transmuter on Aug 14, 2020.
             Slain by a quokka (4 damage)
             ... on level 2 of the Dungeon.
             The game lasted 00:01:35 (1325 turns).

Kold the Insei (Octopode Transmuter)                Turns: 1325, Time: 00:01:36

Health: -1/18      AC:  1    Str:  9    XL:     2   Next: 83%
Magic:  5/5        EV: 13    Int: 15    God:
Gold:   79         SH:  0    Dex: 12    Spells: 2/5 levels left

rFire    . . .     SeeInvis .     - Unarmed
rCold    . . .     Gourm    .   (no shield)
rNeg     . . .     Faith    .   (helmet restricted)
rPois    +         Spirit   .   (no amulet)
rElec    .         Reflect  .   i - ring of poison resistance
rCorr    .         Harm     .   (no ring)
MR       .....                  (no ring)
Stlth    ++........             (no ring)
HPRegen  0.06/turn              (no ring)
MPRegen  0.09/turn              (no ring)
                                (no ring)
                                (no ring)

@: appendage (expiring)
A: almost no armour, stealthy swim, amphibious, 8 rings, constrict 8, tentacle
spike 3, camouflage 1, gelatinous body 1
a: End Transformation


You were on level 2 of the Dungeon.
You were not hungry.
One of your tentacles had a temporary spike.
You visited 1 branch of the dungeon, and saw 2 of its levels.

You collected 79 gold pieces.

Inventory:

Missiles
 a - 12 arrows
Jewellery
 i - a ring of poison resistance (left tentacle)
Scrolls
 b - a scroll of magic mapping {unknown}
 e - a scroll of immolation {unknown}
 f - a scroll of enchant weapon {unknown}
 h - 3 scrolls of identify {unknown}
 j - a scroll of remove curse {unknown}
Potions
 d - a potion of might {unknown}
 k - 2 potions of degeneration {unknown}
Comestibles
 c - 2 rations
 g - 3 chunks of flesh


   Skills:
 - Level 1.0 Fighting
 - Level 2.0 Dodging
 + Level 3.5 Unarmed Combat
 - Level 2.0 Spellcasting
 + Level 2.7 Transmutations


You had 2 spell levels left.
You knew the following spells:

 Your Spells              Type           Power        Failure   Level  Hunger
a - Beastly Appendage     Tmut           #.....       8%          1    #......
b - Sticks to Snakes      Tmut           #.......     11%         2    ###....

Your spell library contained the following spells:

 Spells                   Type           Power        Failure   Level  Hunger
 Spider Form              Tmut/Pois      #.........   36%         3    ###....
 Ice Form                 Ice/Tmut       #.......     77%         4    #####..
 Blade Hands              Tmut           #.........   90%         5    ######.


Dungeon Overview and Level Annotations

Branches:
Dungeon (2/15)

Altars:
Fedhas


Innate Abilities, Weirdness & Mutations

You cannot wear most types of armour.
You are very stealthy in the water. (Stealth+)
You are amphibious.
You can wear up to eight rings at the same time.
You can use your tentacles to constrict eight enemies at once.
Your skin changes colour to match your surroundings (Stealth+).
Your rubbery body absorbs attacks. (AC +1, EV +1)
One of your tentacles bears a large vicious spike.


Message History

You tentacle-slap the quokka but do no damage.
You pierce the quokka, but do no damage.
You constrict the quokka. The quokka closely misses you.
Some of the chunks of flesh in your inventory have rotted away.
You completely miss the quokka.
The quokka is moderately wounded.
You constrict the quokka. The quokka closely misses you.
You tentacle-slap the quokka but do no damage.
The quokka is heavily wounded.
You constrict the quokka. The quokka barely misses you.
You tentacle-slap the quokka but do no damage.
The quokka is heavily wounded.
You constrict the quokka, but do no damage.
The quokka bites you.
* * * LOW HITPOINT WARNING * * *
You tentacle-slap the quokka.
The quokka is severely wounded.
You constrict the quokka, but do no damage.
The quokka misses you. The quokka bites you.
You die...

#......#...#.#...#..
#.......#.#...#.#
#....#...#.....#
#.....#).#.....#
##.#...###.....###
#..#..#รท.#...#..# .#
#...###...#.#...###...#
#..#...#...#...#.).#
#....@#..#..#.....#
#......r.#####..........
#.#.....#.. ..#.....#...
#..#...#...#...#...#....
#...### . #.#...###...<.
#..# .#...#.. #.... #.#
#.. ..## #... #. . .#


You could see a quokka.

Vanquished Creatures
  A leopard gecko (D:1)
  A giant cockroach (D:1)
  3 goblins
  2 hobgoblins (D:1)
  2 jackals (D:2)
  3 bats (D:1)
  2 frilled lizards (D:1)
  4 kobolds
  2 rats
20 creatures vanquished.

Notes
Turn   | Place    | Note
-------+----------+-------------------------------------------
     0 | D:1      | Kold the Octopode Transmuter began the quest for the Orb.
     0 | D:1      | Reached XP level 1. HP: 13/13 MP: 3/3
   238 | D:1      | Reached XP level 2. HP: 18/18 MP: 5/5
  1055 | D:2      | Found a blossoming altar of Fedhas.
  1059 | D:2      | Learned a level 2 spell: Sticks to Snakes
  1325 | D:2      | Slain by a quokka

Illustrated notes

Levels and vault maps discovered:
D:1:      tarquinn_simple_flora_water_f, layout_basic
D:2:      layout_basic, minmay_splitting_lines, fedhas_altar_1, uniq_robin,
          uniq_terence

Action                   || total
-------------------------++-------
Melee: Unarmed           ||    49
       Constrict         ||    14
       Tentacles         ||     5
       Kick              ||     1
 Cast: Beastly Appendage ||     7
 Stab: Sleeping          ||     4
  Eat: Chunk             ||     1
Dodge: Dodged            ||    28
